Map: Acropolis LE

Players

ROOT - Winner!

  • Race: Terran Terran
  • League: Gold
  • Spawn Location: 5:00

A.I. 2 (Very Easy)

  • Race: Terran Terran
  • Spawn Location: 11:00

VOD

Have the link to the VOD?

Description

Time

  • Played on: Aug. 15, 2019, 12:32 a.m.
  • Length: 7:40
Show
View Real Time Build Order
Export as new Build Order

ROOT Terran - Winner!

Build Orders:  

Get SALT Encoding   

  12  0:01  SCV  
  13  0:13  SCV  
  14  0:22  Supply Depot  
  14  0:25  SCV  
  15  0:42  Refinery  
  15  0:43  SCV  
  15  0:45  Barracks  
  16  0:55  SCV  
  17  1:00  Supply Depot  
  17  1:07  Refinery  
  17  1:08  SCV  
  18  1:20  SCV  
  19  1:33  Marine  
  19  1:34  Orbital Command  
  20  1:46  Factory  
  20  1:58  Marine  
  21  2:02  SCV  
  22  2:14  SCV, Supply Depot  
  23  2:26  SCV  
  24  2:31  Starport, Refinery  
  24  2:38  SCV  
  24  2:43  Refinery  
  25  2:50  SCV  
  26  3:00  Marine  
  26  3:01  Bunker  
  27  3:10  Fusion Core  
  27  3:13  Starport Tech Lab  
  27  3:29  Command Center  
  27  3:38  Supply Depot  
  27  3:58  Battlecruiser  
  33  4:11  Marine  
  34  4:19  Starport  
  34  4:48  SCV  
  35  4:55  Starport Tech Lab  
  35  4:57  Orbital Command  
  35  5:02  Battlecruiser  
  41  5:31  Battlecruiser  
  47  6:24  Battlecruiser  
Show
View Real Time Build Order
Export as new Build Order

A.I. 2 (Very Easy) Terran 

Build Orders:  

Get SALT Encoding   

  12  0:00  SCV  
  13  0:13  SCV  
  14  0:18  Supply Depot  
  14  0:37  Refinery  
  14  0:41  Barracks  
  14  1:03  Supply Depot  
  14  1:11  Refinery  
  14  1:29  SCV, Marine  
  16  1:41  SCV  
  17  1:53  SCV  
  18  2:04  Marine  
  18  2:06  SCV  
  20  2:18  SCV  
  21  2:30  SCV  
  22  2:38  Marine  
  22  2:43  Orbital Command  
  23  5:13  Marine  
  22  5:14  SCV  
  22  5:18  Supply Depot  
  20  5:26  SCV  
  13  5:38  SCV  
  13  5:42  Marine  
  4  5:50  SCV  
  3  6:02  SCV  
  4  6:10  Marine  
  5  6:15  SCV  
  5  6:16  Factory  
  5  6:27  SCV  
Tags
 
League
Gold
Matchup
TvT
Race
Terran
Spawn Locations
Cross Positions
Add a new tag
Caveats
  • Supply blocks, unpowered buildings, or Contaminate may cause inaccurate times.
  • Supply counts are checked every 10 seconds.